 Dungeon Crawl Stone Soup version 0.19-a0-1049-g462a813 (webtiles) character file.

132 JustSomeDude the Skirmisher (level 4, -1/37 HPs)
             Began as a Demonspawn Monk on July 31, 2016.
             Slain by Grinder (8 damage)
             ... on level 3 of the Dungeon.
             The game lasted 00:07:27 (1456 turns).

JustSomeDude the Skirmisher (Demonspawn Monk)       Turns: 1456, Time: 00:07:27

Health: -1/37      AC:  8    Str: 13    XL:     4   Next: 92%
Magic:  4/4        EV: 18    Int: 13    God:
Gold:   98         SH:  0    Dex: 20    Spells: 0 memorised, 3 levels left

rFire  . . .     SeeInvis .     a - +0 hand axe
rCold  . . .     Gourm    .     k - +0 ring mail
rNeg   . . .     Faith    .     (no shield)
rPois  .         Spirit   .     (no helmet)
rElec  .         Dismiss  .     n - +0 cloak
rCorr  .         Reflect  .     (no gloves)
SustAt .         Harm     .     (no boots)
MR     .....                    (no amulet)
Stlth  +++.......               (no ring)
                                e - +2 ring of intelligence

@: agile, not resistant to hostile enchantments, fairly stealthy
A: hooves 1, yellow scales 1, spiny 1
a: no special abilities


You were on level 3 of the Dungeon.
You were not hungry.

You visited 1 branch of the dungeon, and saw 3 of its levels.

You collected 98 gold pieces.

Inventory:

Hand Weapons
 a - a +0 hand axe (weapon)
Missiles
 p - 2 steel tomahawks (quivered)
Armour
 b - a +0 robe
 k - a +0 ring mail (worn)
 n - a +0 cloak (worn)
 o - a +0 chain mail
Jewellery
 e - a +2 ring of intelligence (left hand)
 u - an uncursed amulet of harm {unknown}
Scrolls
 h - a scroll of teleportation {unknown}
 j - a scroll of fog {unknown}
 l - a scroll of identify {unknown}
 q - a scroll of magic mapping {unknown}
 r - a scroll of remove curse {unknown}
 v - a scroll of enchant weapon {unknown}
Potions
 d - a potion of mutation {unknown}
 t - a potion of flight {unknown}
Comestibles
 c - a bread ration
 g - a meat ration
 i - 2 beef jerkies
 m - a slice of pizza
 s - a chunk of flesh


   Skills:
 + Level 3.7 Fighting
 + Level 3.3 Axes
 + Level 1.3 Armour
 + Level 3.7 Dodging
 + Level 2.1 Stealth


You had 3 spell levels left.
You didn't know any spells.

Dungeon Overview and Level Annotations

Branches:
Dungeon (3/15)

Altars:
Cheibriados
Fedhas
The Shining One

Annotations:
D:3 Grinder


Innate Abilities, Weirdness & Mutations

You have large cloven feet.
You are partially covered in yellow scales. (AC +2)
You are partially covered in sharp spines.


Message History

You are too injured to fight recklessly!
It was a potion of agility.
You feel agile all of a sudden. Grinder completely misses you.
Grinder blinks!
Things that are here:
a dagger; a goblin corpse; a hobgoblin corpse You hit Grinder.
You kick Grinder, but do no damage.
Grinder is heavily wounded.
Grinder is struck by your spines. Grinder completely misses you.
Grinder gestures at you. Pain shoots through your body!
* * * LOW HITPOINT WARNING * * *
You closely miss Grinder. Your kick misses Grinder.
Grinder is heavily wounded.
Grinder hits you.
* * * LOW HITPOINT WARNING * * *
You hit Grinder but do no damage. You kick Grinder, but do no damage.
Grinder is heavily wounded.
Grinder hits you!
You die...

##............ ..
............. ..
............ ..
........... # ..........
#......... . #.........
.. #####......... ...#
#...[)@)...... ........
##....)5.########.......
........)##.............
#####.)†.##.............
#.(..##........##...
+(...##........##...
#....##........##...
###....##.........#...
..........##....##.#...


You could see Grinder.

Vanquished Creatures
  Ijyb (D:2)
  Terence (D:2)
  Robin (D:3)
  2 adders
  A dart slug (D:2)
  A worm (D:2)
  2 giant geckos (D:1)
  6 bats
  A giant cockroach (D:1)
  12 goblins
  8 hobgoblins
  3 giant newts
  4 kobolds
  5 rats
48 creatures vanquished.

Notes
Turn   | Place    | Note
-------+----------+-------------------------------------------
     0 | D:1      | JustSomeDude the Demonspawn Monk began the quest for the Orb.
     0 | D:1      | Reached XP level 1. HP: 18/18 MP: 1/1
     6 | D:1      | Noticed a black bear
     6 | D:1      | Noticed an anaconda
     6 | D:1      | Noticed a wyvern
   128 | D:1      | Gained mutation: You are partially covered in sharp spines. [demonic ancestry]
   128 | D:1      | Reached XP level 2. HP: 10/24 MP: 2/2
   571 | D:2      | Noticed Terence
   592 | D:2      | Killed Terence
   592 | D:2      | Gained mutation: You have large cloven feet. [demonic ancestry]
   592 | D:2      | Reached XP level 3. HP: 7/29 MP: 3/3
   609 | D:2      | Found a blossoming altar of Fedhas.
   674 | D:2      | Found a snail-covered altar of Cheibriados.
   827 | D:2      | Noticed Ijyb
   837 | D:2      | Killed Ijyb
   837 | D:2      | Gained mutation: You are partially covered in yellow scales. (AC +2) [demonic ancestry]
   837 | D:2      | Reached XP level 4. HP: 26/35 MP: 4/4
  1113 | D:2      | Found a glowing golden altar of the Shining One.
  1304 | D:3      | Reached skill level 1 in Armour
  1427 | D:3      | Noticed Robin
  1430 | D:3      | Noticed Grinder
  1438 | D:3      | Killed Robin
  1440 | D:3      | Paralysed by Grinder for 7 turns
  1456 | D:3      | Slain by Grinder

Vault maps used:
D:1:      onia_arrival_zoo_common, minmay_splitting_lines
D:2:      nicolae_overflow_crystal_walls, lemuel_crystal_altar,
          nicolae_tso_carved_into_rock, uniq_terence, uniq_iyjb
D:3:      johnstein_pakellas_shop, minmay_misc_feat_room, minivault_19,
          uniq_robin, uniq_jessica, uniq_grinder

Skill      XL: |  1  2  3  4 |
---------------+-------------+-----
Stealth        | 2 |  2.1
Dodging        | 3 |  3.7
Axes           | 3 |  3.3
Armour         | 1 |  1.3
Fighting       | |  3.7

Action                   |  1- 3 |  4- 6 || total
-------------------------+-------+-------++-------
Melee: Hand axe          |    79 |    54 ||   133
       Kick              |     4 |    15 ||    19
  Use: Potion            |     1 |     1 ||     2
 Stab: Sleeping          |     2 |       ||     2
  Eat: Royal jelly       |       |     1 ||     1
Armor: Robe              |     8 |       ||     8
       Ring mail         |     8 |    31 ||    39
Dodge: Dodged            |    56 |    36 ||    92
